 Dungeon Crawl Stone Soup version 0.31-a0-233-g139696dc86 (webtiles) character file.

Game seed: 7172276927930331640

110 qw the Shooter (level 4, 0/26 HPs)
             Began as a Gargoyle Hexslinger on July 7, 2023.
             Slain by a dart slug (1 damage)
             ... on level 3 of the Dungeon.
             The game lasted 00:00:40 (1862 turns).

qw the Shooter (Gargoyle Hexslinger)                Turns: 1862, Time: 00:00:41

Health: 0/26       AC:  8    Str: 11    XL:     4   Next: 91%
Magic:  5/5        EV: 10    Int: 14    God:
Gold:   186        SH:  0    Dex: 14    Spells: 4/5 levels left

rFire   . . .        Y - +1 sling
rCold   . . .        (no shield)
rNeg    + . .        g - +0 ring mail
rPois   inf          (no helmet)
rElec   +            (no cloak)
rCorr   .            (no gloves)
SInv    .            (no boots)
Will    .....        (no amulet)
Stlth   +            (no ring)
HPRegen 0.24/turn    (no ring)
MPRegen 0.09/turn

%: no passive effects
@: no status effects
A: sickness immunity, AC +3, negative energy resistance 1, electricity
resistance, torment resistance 1, petrification resistance
a: no special abilities


You were on level 3 of the Dungeon.
You visited 1 branch of the dungeon, and saw 3 of its levels.

You collected 186 gold pieces.


Innate Abilities, Weirdness & Mutations

You are immune to sickness and miasma.
Your stone body is resilient. (AC +3)
You are immune to poison.
You resist negative energy. (rN+)
You are resistant to electric shocks. (rElec)
You are resistant to unholy torment.
You are immune to petrification.


   Skills:
 - Level 2.0 Fighting
 + Level 4.4 Ranged Weapons
 - Level 1.0 Armour
 - Level 1.5 Dodging
 - Level 1.0 Spellcasting
 - Level 2.6 Hexes


You had 4 spell levels left.
You knew the following spells:

 Your Spells              Type           Power      Damage    Failure   Level
a - Slow                  Hex            32%        N/A       21%         1

Your spell library contained the following spells:

 Spells                   Type           Power      Damage    Failure   Level
 Inner Flame              Hex/Fire       4%         N/A       71%         3
 Portal Projectile        Hex/Tloc       8%         N/A       71%         3
 Cause Fear               Hex            4%         N/A       90%         4

Inventory:

Hand Weapons
 Y - a +1 sling (weapon)
Armour
 g - a +0 ring mail (worn)
Scrolls
 b - a scroll of silence {unknown}
Potions
 a - a potion of curing {unknown}
 c - a potion of enlightenment {unknown}
 d - a potion of invisibility {unknown}
 e - a potion of lignification {unknown}

Dungeon Overview and Level Annotations

Branches:
Dungeon (3/15)

Altars:
Sif Muna

Shops:
D:1 :


Message History

The adder closely misses you. The adder barely misses you.
The dart slug launches a dart at you. The slug dart misses you.
You shoot a sling bullet. The sling bullet hits the adder.
You kill the adder!
The dart slug misses you.
You shoot a sling bullet. The sling bullet hits the orc.
The orc is lightly wounded.
The orc hits you but does no damage. The dart slug launches a dart at you.
The slug dart hits you.
You shoot a sling bullet.
The sling bullet hits the orc but does no damage.
The orc is severely wounded.
The dart slug bites you but does no damage.
The orc barely misses you.
You shoot a sling bullet.
The sling bullet closely misses the orc.
The orc hits you but does no damage. The dart slug closely misses you.
You shoot a sling bullet. The sling bullet hits the orc.
The orc is almost dead.
The orc closely misses you. The dart slug barely misses you.
You shoot a sling bullet. The sling bullet hits the orc.
You kill the orc!
The orc hits you with a +0 war axe. The dart slug closely misses you.
You shoot a sling bullet. The sling bullet barely misses the orc.
The orc hits you with a +0 war axe.
The dart slug bites you but does no damage.
You shoot a sling bullet. The sling bullet hits the orc.
The orc is moderately wounded.
The orc barely misses you.
The dart slug bites you but does no damage.
The orc barely misses you.
You shoot a sling bullet. The sling bullet barely misses the orc.
You hear the brisk rusting of a drain very nearby.
The orc hits you but does no damage. The dart slug barely misses you.
You shoot a sling bullet.
The sling bullet closely misses the orc.
The orc hits you with a +0 war axe. The dart slug bites you.
You die...

#~ ## .## .. ....
.######.... .........#
####### .o.)....# #.....#
#wo.....# #...^.# #@#
#####.....# #.############
#.........# #.............
#.........# #.#.#########.
#.........####.#..###....#
+.........)....##..##.##.#
#.........###............#
#....######
#..###......####### #....#
#..# #.##..........


You could see a dart slug and 2 orcs.

Vanquished Creatures
  Jessica (D:2)
  2 adders
  A dart slug (D:3)
  3 orcs (D:3)
  6 ball pythons
  2 bats
  6 endoplasms
  A giant cockroach (D:1)
  12 goblins
  5 hobgoblins
  4 jackals (D:1)
  A quokka (D:1)
  4 frilled lizards
  7 kobolds
  A rat (D:1)
56 creatures vanquished.

Notes
Turn   | Place    | Note
-------+----------+-------------------------------------------
     0 | D:1      | qw the Gargoyle Hexslinger began the quest for the Orb.
     0 | D:1      | Reached XP level 1. HP: 12/12 MP: 2/2
     0 | D:1      | 0 ||| qw: Version: 0.3-a-46-gb1f654a
     0 | D:1      | 0 ||| qw: Game counter: 3030
     0 | D:1      | 0 ||| qw: Melee chars always use a shield: true
     0 | D:1      | 0 ||| qw: God list: Okawaru
     0 | D:1      | 0 ||| qw: Allow faded altars: false
     0 | D:1      | 0 ||| qw: Do Orc after clearing Dungeon:15 true
     0 | D:1      | 0 ||| qw: Do second Lair branch before Depths: true
     0 | D:1      | 0 ||| qw: Lair rune preference: random
     0 | D:1      | 0 ||| qw: Goals: Normal
     0 | D:1      | 0 ||| PLANNING D:1-11
    88 | D:1      | Reached XP level 2. HP: 12/16 MP: 3/3
    90 | D:1      | 90 ||| FLEEEEING.
    91 | D:1      | 91 ||| FLEEEEING.
    92 | D:1      | 92 ||| FLEEEEING.
    93 | D:1      | 93 ||| FLEEEEING.
    94 | D:1      | 94 ||| FLEEEEING.
    95 | D:1      | 95 ||| FLEEEEING.
    96 | D:1      | 96 ||| FLEEEEING.
    97 | D:1      | 97 ||| FLEEEEING.
    98 | D:1      | 98 ||| FLEEEEING.
    99 | D:1      | 99 ||| FLEEEEING.
   167 | D:1      | Reached skill level 3 in Ranged Weapons
   218 | D:1      | Found Caocwop's Book Emporium.
   311 | D:1      | Reached XP level 3. HP: 21/21 MP: 4/4
   377 | D:1      | You fall into a shaft and drop 1 floor!
   409 | D:2      | Noticed Jessica
   412 | D:2      | Killed Jessica
   413 | D:2      | Reached skill level 4 in Ranged Weapons
   413 | D:2      | Reached XP level 4. HP: 26/26 MP: 5/5
   465 | D:2      | 465 ||| UPGRADING to +0 leather armour.
   475 | D:2      | 475 ||| DROPPING +0 robe.
   476 | D:2      | 476 ||| DROPPING +0 hat of stealth.
   477 | D:2      | 477 ||| DROPPING scroll of poison.
   821 | D:1      | 821 ||| UPGRADING to +0 ring mail.
   831 | D:1      | 831 ||| DROPPING +0 leather armour.
   832 | D:1      | 832 ||| READING scroll labelled CAUNOZIAPN.
   833 | D:1      | 833 ||| READING scroll labelled HIFUTO PEREASO.
   939 | D:2      | Found a shimmering blue altar of Sif Muna.
  1440 | D:2      | 1440 ||| READING 2 scrolls labelled VUIT SUCAENGYE.
  1441 | D:2      | 1441 ||| READING scroll labelled OJEIDD DEILASE.
  1442 | D:2      | 1442 ||| READING scroll labelled NEBROF XOEDUE.
  1443 | D:2      | 1443 ||| DROPPING scroll of blinking.
  1473 | D:3      | 1473 ||| PLANNING SEWER
  1554 | D:3      | Reached skill level 1 in Armour
  1854 | D:3      | HP: 5/26 [dart slug/slug dart (4)]
  1859 | D:3      | HP: 2/26 [orc/+0 war axe (1)]
  1862 | D:3      | Slain by a dart slug

Levels and vault maps discovered:
D:1:      saegor_arrival_simple_b, layout_loops_ring, serial_shops, shop
D:2:      layout_basic, basic_altar, chequers_avenue, uniq_jessica
D:3:      layout_basic, gup_sewer_entry_glass

Skill      XL: |  1  2  3  4 |
---------------+-------------+-----
Ranged Weapons | 3 4 |  4.4
Fighting       | 2 |  2.0
Armour         | 1 |  1.0
Dodging        | |  1.5
Spellcasting   | |  1.0
Hexes          | |  2.6

Action                     |  1- 3 |  4- 6 || total
---------------------------+-------+-------++-------
   Fire: Sling             |    65 |    88 ||   153
    Use: Scroll            |       |     5 ||     5
 Armour: Robe              |     2 |       ||     2
         Ring mail         |       |    24 ||    24
         Leather armour    |       |     1 ||     1
  Dodge: Dodged            |    13 |    45 ||    58

Table legend:
 A = Non-vault XP
 B = Vault XP
 C = Vault XP percentage of total XP
 D = Non-vault monster count
 E = Vault monster count
 F = Vault count percentage of total count
                 A         B        C        D         E       F
            +---------+---------+-------+---------+---------+-------
      Total |     121 |      37 |  23.4 |      55 |       1 |   1.8
            +---------+---------+-------+---------+---------+-------
        D:1 |      54 |       0 |   0.0 |      31 |       0 |   0.0
        D:2 |      29 |      37 |  56.1 |      11 |       1 |   8.3
        D:3 |      38 |       0 |   0.0 |      13 |       0 |   0.0
            +---------+---------+-------+---------+---------+-------
